[ PARTIDA AOE2 · #484633941 ]
UnrankedMalíes vs Armenians
[ ANÁLISIS DE REPETICIÓN · EXTRAÍDO DE LA PARTIDA GRABADA ]
Feudal
16:12
Castillos
23:25
Imperial
39:15
| APM promedio | 38.2 |
| APM pico | 66 |
| eAPM promedio | 26.2 |
| Aldeanos / militares | 133 / 56 |
Foco
⚔️ 27.9% · 🌾 72.1%
Militia ×34 · Gbeto ×18 · Fishing Ship ×9 · Petard ×2 · Galley ×1 · Mangonel ×1
Feudal
12:19
Castillos
16:35
Imperial
31:37
| APM promedio | 36.0 |
| APM pico | 77 |
| eAPM promedio | 17.3 |
| Aldeanos / militares | 79 / 150 |
Foco
⚔️ 29.3% · 🌾 70.7%
Composite Bowman ×60 · Militia ×59 · Fishing Ship ×42 · Spearman ×27 · Mangonel ×2 · Monk ×1
Feudal
11:58
Castillos
15:29
Imperial
34:26
| APM promedio | 44.2 |
| APM pico | 96 |
| eAPM promedio | 21.2 |
| Aldeanos / militares | 180 / 92 |
Foco
⚔️ 20.6% · 🌾 79.4%
Cataphract ×70 · Knight ×14 · Trade Cart ×14 · Bombard Cannon ×4 · Camel Scout ×2 · Battering Ram ×2
Feudal
17:13
Castillos
21:15
Imperial
34:36
| APM promedio | 43.2 |
| APM pico | 86 |
| eAPM promedio | 30.2 |
| Aldeanos / militares | 157 / 48 |
Foco
⚔️ 22.2% · 🌾 77.8%
Chu Ko Nu ×39 · Trade Cart ×16 · Iron Pagoda ×5 · Battering Ram ×3 · Trebuchet (Packed) ×1
Feudal
18:44
Castillos
22:45
Imperial
27:18
| APM promedio | 42.1 |
| APM pico | 89 |
| eAPM promedio | 21.7 |
| Aldeanos / militares | 81 / 41 |
Foco
⚔️ 28.0% · 🌾 72.0%
Hand Cannoneer ×34 · Bombard Cannon ×4 · Cavalry Archer ×3
Feudal
16:36
Castillos
24:44
Imperial
37:51
| APM promedio | 32.2 |
| APM pico | 96 |
| eAPM promedio | 21.1 |
| Aldeanos / militares | 128 / 38 |
Foco
⚔️ 29.1% · 🌾 70.9%
Hand Cannoneer ×31 · Bombard Cannon ×6 · Trade Cart ×3 · Monk ×1
Feudal
13:12
Castillos
16:47
Imperial
21:28
| APM promedio | 33.8 |
| APM pico | 100 |
| eAPM promedio | 22.3 |
| Aldeanos / militares | 100 / 150 |
Foco
⚔️ 30.5% · 🌾 69.5%
Archer ×145 · Fishing Ship ×33 · Trade Cart ×9 · Trebuchet (Packed) ×3 · Monk ×1 · Kamayuk ×1
Feudal
12:58
Castillos
17:11
Imperial
41:43
| APM promedio | 60.7 |
| APM pico | 126 |
| eAPM promedio | 34.4 |
| Aldeanos / militares | 146 / 25 |
Foco
⚔️ 31.6% · 🌾 68.4%
Fishing Ship ×50 · Camel Scout ×8 · Galley ×6 · Mangonel ×6 · Knight ×2 · Scorpion ×2
Mapa de la partida
Recursos iniciales + cada clic de construcción. Líneas = muros · curvas = relieve. ◆ oro · ⬟ piedra · ● bayas · ✦ reliquia · ◌ hueco del cierre
Tu base· ✓ Cerrada en 23:25 · 114t muro · 5 puerta(s)
Base de [Anvil] Nikolettafraoula· ✓ Cerrada en 16:35 · 19t muro · 1 puerta(s)
Base de banana panin· ✓ Cerrada en 15:29 · 6t muro · sin puerta
Base de Ez4u2nv· ✓ Cerrada en 21:15 · 73t muro · 2 puerta(s)
Base de Armitte· ✓ Cerrada en 22:45 · 74t muro · 1 puerta(s)
Base de Rodney McKay· ✓ Cerrada en 24:44 · 105t muro · sin puerta
Base de Ther· ✓ Cerrada en 16:47 · 7t muro · sin puerta
Base de Jinada· ✓ Cerrada en 17:11 · 36t muro · sin puerta
Terreno inicial suavizado · ◌ = hueco del cierre detectado · pasá el cursor para detalles
Inputs por minuto
— RoR | FloDuFive - - [Anvil] Nikolettafraoula
Build order — RoR | FloDuFive
Primeras 150 de 374 acciones detectadas
| 0:00 | Crear | Villager (Male) |
| 0:00 | Crear | Villager (Male) |
| 0:01 | Crear | Villager (Male) |
| 0:01 | Construir | House |
| 0:03 | Construir | House |
| 0:10 | Crear | Villager (Male) |
| 0:27 | Investigar | Loom |
| 0:36 | Construir | Palisade Wall |
| 0:46 | Crear | Villager (Male) |
| 0:47 | Crear | Villager (Male) |
| 0:47 | Crear | Villager (Male) |
| 2:14 | Crear | Villager (Male) |
| 2:14 | Crear | Villager (Male) |
| 3:09 | Crear | Villager (Male) |
| 3:19 | Construir | Palisade Wall |
| 3:23 | Construir | Palisade Wall |
| 3:24 | Construir | Palisade Wall |
| 3:25 | Construir | Palisade Wall |
| 3:26 | Construir | Palisade Wall |
| 3:33 | Crear | Villager (Male) |
| 4:10 | Crear | Villager (Male) |
| 4:10 | Crear | Villager (Male) |
| 4:11 | Crear | Villager (Male) |
| 4:30 | Construir | Palisade Wall |
| 4:35 | Construir | Palisade Wall |
| 5:00 | Crear | Villager (Male) |
| 5:26 | Construir | Palisade Gate |
| 5:29 | Construir | Palisade Gate |
| 5:33 | Construir | Palisade Gate |
| 5:34 | Crear | Villager (Male) |
| 5:34 | Crear | Villager (Male) |
| 5:53 | Construir | Lumber Camp |
| 5:58 | Construir | House |
| 6:03 | Crear | Villager (Male) |
| 6:03 | Crear | Villager (Male) |
| 6:32 | Crear | Villager (Male) |
| 6:32 | Crear | Villager (Male) |
| 6:33 | Crear | Villager (Male) |
| 6:54 | Construir | Palisade Wall |
| 6:54 | Construir | Palisade Wall |
| 6:55 | Construir | Palisade Wall |
| 6:56 | Construir | Palisade Wall |
| 7:04 | Construir | Palisade Gate |
| 7:12 | Crear | Villager (Male) |
| 7:12 | Crear | Villager (Male) |
| 7:19 | Construir | House |
| 7:42 | Crear | Villager (Male) |
| 7:59 | Construir | Palisade Wall |
| 8:21 | Crear | Villager (Male) |
| 8:22 | Crear | Villager (Male) |
| 8:26 | Construir | Lumber Camp |
| 8:40 | Construir | Palisade Wall |
| 8:42 | Construir | Palisade Wall |
| 8:43 | Construir | Palisade Wall |
| 8:46 | Construir | Palisade Wall |
| 8:48 | Construir | Palisade Wall |
| 8:51 | Construir | Palisade Wall |
| 8:57 | Construir | Palisade Wall |
| 9:02 | Crear | Villager (Male) |
| 9:36 | Crear | Villager (Male) |
| 9:39 | Construir | Mill |
| 9:40 | Crear | Villager (Male) |
| 9:40 | Crear | Villager (Male) |
| 10:07 | Construir | Palisade Wall |
| 10:27 | Construir | Palisade Wall |
| 10:29 | Crear | Villager (Male) |
| 10:30 | Crear | Villager (Male) |
| 10:34 | Construir | House |
| 10:45 | Construir | Palisade Wall |
| 11:09 | Construir | Palisade Wall |
| 11:09 | Construir | Palisade Wall |
| 11:10 | Construir | Palisade Wall |
| 11:10 | Construir | Palisade Wall |
| 11:36 | Crear | Villager (Male) |
| 11:37 | Construir | Mill |
| 11:41 | Construir | House |
| 11:58 | Construir | Palisade Wall |
| 12:02 | Construir | Palisade Wall |
| 12:03 | Construir | Palisade Wall |
| 12:13 | Crear | Villager (Male) |
| 12:13 | Crear | Villager (Male) |
| 12:14 | Crear | Villager (Male) |
| 12:59 | Construir | Palisade Wall |
| 13:01 | Construir | Palisade Wall |
| 13:02 | Construir | Palisade Wall |
| 13:03 | Construir | Palisade Wall |
| 13:04 | Construir | Palisade Wall |
| 13:11 | Crear | Villager (Male) |
| 13:11 | Crear | Villager (Male) |
| 13:14 | Construir | Lumber Camp |
| 13:30 | Construir | Palisade Wall |
| 13:32 | Construir | Palisade Wall |
| 13:48 | Construir | Mining Camp |
| 14:02 | Investigar | Feudal Age |
| 15:03 | Construir | Dock |
| 15:47 | Crear | Villager (Male) |
| 15:47 | Crear | Villager (Male) |
| 15:51 | Construir | House |
| 15:51 | Construir | House |
| 16:04 | Crear | Fishing Ship |
| 16:04 | Crear | Fishing Ship |
| 16:04 | Crear | Fishing Ship |
| 16:12 | Edad | Edad Feudal |
| 16:14 | Construir | Stone Wall |
| 16:20 | Investigar | Double-Bit Axe |
| 16:20 | Investigar | Horse Collar |
| 16:21 | Crear | Villager (Male) |
| 16:31 | Construir | Stone Wall |
| 16:33 | Construir | Watch Tower |
| 16:39 | Construir | Stone Wall |
| 16:43 | Crear | Villager (Male) |
| 16:46 | Crear | Galley |
| 16:48 | Crear | Fishing Ship |
| 17:00 | Construir | Outpost |
| 17:07 | Construir | Mining Camp |
| 17:20 | Construir | Outpost |
| 17:32 | Crear | Fishing Ship |
| 17:37 | Investigar | Tech 906 |
| 17:41 | Crear | Villager (Male) |
| 17:41 | Crear | Villager (Male) |
| 17:56 | Construir | Stone Wall |
| 18:05 | Construir | Farm |
| 18:07 | Crear | Villager (Male) |
| 18:30 | Construir | Market |
| 18:33 | Construir | Blacksmith |
| 18:48 | Construir | Farm |
| 19:34 | Crear | Villager (Male) |
| 19:34 | Crear | Villager (Male) |
| 19:35 | Crear | Villager (Male) |
| 19:36 | Construir | Farm |
| 19:40 | Construir | Farm |
| 20:08 | Construir | Stone Wall |
| 20:09 | Construir | Stone Wall |
| 20:12 | Construir | Gate |
| 20:13 | Construir | Stone Wall |
| 20:45 | Investigar | Castle Age |
| 20:49 | Construir | Farm |
| 20:52 | Crear | Fishing Ship |
| 21:22 | Construir | Stone Wall |
| 21:30 | Construir | House |
| 21:31 | Construir | House |
| 21:32 | Construir | House |
| 21:40 | Crear | Fishing Ship |
| 21:40 | Crear | Fishing Ship |
| 21:55 | Construir | Gate |
| 22:01 | Investigar | Gold Mining |
| 22:06 | Crear | Villager (Male) |
| 22:06 | Crear | Villager (Male) |
| 22:36 | Investigar | Town Watch |
| 22:39 | Investigar | Wheelbarrow |
Build order — [Anvil] Nikolettafraoula
Primeras 150 de 394 acciones detectadas
| 0:03 | Crear | Villager (Male) |
| 0:03 | Crear | Villager (Male) |
| 0:05 | Construir | House |
| 0:06 | Construir | House |
| 0:42 | Crear | Villager (Male) |
| 0:42 | Crear | Villager (Male) |
| 1:46 | Crear | Villager (Male) |
| 2:23 | Crear | Villager (Male) |
| 2:31 | Construir | Mule Cart |
| 2:35 | Crear | Villager (Male) |
| 3:21 | Crear | Villager (Male) |
| 3:22 | Crear | Villager (Male) |
| 3:51 | Construir | House |
| 3:57 | Crear | Villager (Male) |
| 4:21 | Crear | Villager (Male) |
| 4:27 | Construir | House |
| 4:54 | Crear | Villager (Male) |
| 5:17 | Crear | Villager (Male) |
| 5:35 | Crear | Villager (Male) |
| 5:55 | Construir | Dock |
| 6:11 | Crear | Villager (Male) |
| 6:22 | Crear | Villager (Male) |
| 6:31 | Construir | House |
| 7:07 | Crear | Villager (Male) |
| 7:46 | Crear | Villager (Male) |
| 7:46 | Crear | Villager (Male) |
| 7:46 | Crear | Villager (Male) |
| 7:53 | Crear | Fishing Ship |
| 7:54 | Crear | Fishing Ship |
| 8:17 | Construir | Mule Cart |
| 9:09 | Crear | Villager (Male) |
| 9:20 | Crear | Fishing Ship |
| 9:21 | Crear | Fishing Ship |
| 9:31 | Construir | House |
| 9:44 | Investigar | Loom |
| 9:45 | Investigar | Feudal Age |
| 10:45 | Construir | Mill |
| 10:50 | Crear | Fishing Ship |
| 10:50 | Crear | Fishing Ship |
| 11:53 | Construir | House |
| 12:02 | Crear | Fishing Ship |
| 12:17 | Crear | Villager (Male) |
| 12:17 | Crear | Villager (Male) |
| 12:19 | Edad | Edad Feudal |
| 12:24 | Construir | Blacksmith |
| 12:33 | Construir | Market |
| 13:08 | Crear | Villager (Male) |
| 13:55 | Investigar | Castle Age |
| 14:45 | Construir | Stone Wall |
| 14:52 | Construir | Gate |
| 15:01 | Investigar | Double-Bit Axe |
| 15:07 | Investigar | Tech 906 |
| 16:35 | Edad | Edad de los Castillos |
| 16:38 | Crear | Villager (Male) |
| 16:38 | Crear | Villager (Male) |
| 16:46 | Construir | Town Center |
| 16:55 | Construir | Town Center |
| 17:07 | Crear | Villager (Male) |
| 17:13 | Investigar | Gillnets |
| 17:16 | Investigar | Bow Saw |
| 17:27 | Construir | Dock |
| 17:43 | Construir | Siege Workshop |
| 17:49 | Crear | Villager (Male) |
| 17:49 | Crear | Villager (Male) |
| 18:09 | Crear | Villager (Male) |
| 18:09 | Crear | Villager (Male) |
| 18:31 | Crear | Villager (Male) |
| 18:31 | Crear | Villager (Male) |
| 18:47 | Construir | Dock |
| 18:52 | Construir | Fish Trap |
| 18:57 | Construir | Fish Trap |
| 19:03 | Crear | Villager (Male) |
| 19:06 | Construir | House |
| 19:07 | Construir | House |
| 19:13 | Crear | Villager (Male) |
| 19:15 | Crear | Villager (Male) |
| 19:18 | Crear | Villager (Male) |
| 19:19 | Crear | Villager (Male) |
| 19:29 | Construir | Fish Trap |
| 19:34 | Crear | Mangonel |
| 19:53 | Construir | Mule Cart |
| 19:57 | Construir | House |
| 19:59 | Crear | Fishing Ship |
| 20:00 | Crear | Fishing Ship |
| 20:02 | Construir | Fish Trap |
| 20:26 | Crear | Fishing Ship |
| 20:26 | Crear | Fishing Ship |
| 20:40 | Crear | Mangonel |
| 20:47 | Crear | Villager (Male) |
| 20:47 | Crear | Villager (Male) |
| 20:51 | Construir | Fish Trap |
| 20:52 | Construir | Fish Trap |
| 21:01 | Construir | Fish Trap |
| 21:05 | Construir | House |
| 21:10 | Construir | Fish Trap |
| 21:15 | Construir | House |
| 21:20 | Crear | Villager (Male) |
| 21:27 | Construir | Fish Trap |
| 21:59 | Construir | Outpost |
| 22:03 | Construir | Mule Cart |
| 22:07 | Crear | Villager (Male) |
| 22:09 | Crear | Villager (Male) |
| 22:12 | Construir | House |
| 22:18 | Construir | Fish Trap |
| 22:19 | Crear | Fishing Ship |
| 22:20 | Crear | Fishing Ship |
| 22:20 | Crear | Fishing Ship |
| 22:20 | Crear | Fishing Ship |
| 22:20 | Crear | Fishing Ship |
| 22:30 | Crear | Villager (Male) |
| 22:42 | Construir | Dock |
| 22:43 | Construir | Dock |
| 22:50 | Crear | Villager (Male) |
| 22:50 | Crear | Villager (Male) |
| 22:52 | Crear | Villager (Male) |
| 23:06 | Construir | Fish Trap |
| 23:15 | Construir | Fish Trap |
| 23:18 | Construir | Fish Trap |
| 23:30 | Construir | Castle |
| 23:43 | Construir | Fish Trap |
| 23:49 | Construir | Fish Trap |
| 23:51 | Crear | Fishing Ship |
| 23:52 | Crear | Fishing Ship |
| 23:53 | Crear | Fishing Ship |
| 24:00 | Investigar | Wheelbarrow |
| 24:01 | Investigar | Town Watch |
| 24:07 | Crear | Villager (Male) |
| 24:36 | Construir | House |
| 24:38 | Construir | House |
| 24:42 | Construir | University |
| 24:46 | Construir | Fish Trap |
| 24:49 | Construir | Fish Trap |
| 24:51 | Crear | Fishing Ship |
| 24:59 | Construir | Fish Trap |
| 25:08 | Crear | Villager (Male) |
| 25:13 | Crear | Villager (Male) |
| 25:14 | Crear | Villager (Male) |
| 25:21 | Construir | Mule Cart |
| 25:28 | Crear | Composite Bowman |
| 25:28 | Crear | Composite Bowman |
| 25:28 | Crear | Composite Bowman |
| 25:28 | Crear | Composite Bowman |
| 25:38 | Construir | Fish Trap |
| 25:39 | Crear | Fishing Ship |
| 25:40 | Crear | Fishing Ship |
| 25:42 | Crear | Fishing Ship |
| 25:49 | Crear | Villager (Male) |
| 25:50 | Crear | Villager (Male) |
| 25:51 | Crear | Villager (Male) |
| 25:55 | Construir | Mule Cart |
Build order — banana panin
Primeras 150 de 431 acciones detectadas
| 0:01 | Crear | Villager (Male) |
| 0:01 | Crear | Villager (Male) |
| 0:03 | Construir | House |
| 0:04 | Construir | House |
| 0:05 | Crear | Villager (Male) |
| 0:09 | Crear | Villager (Male) |
| 1:23 | Crear | Villager (Male) |
| 1:58 | Construir | Lumber Camp |
| 2:08 | Crear | Villager (Male) |
| 2:14 | Crear | Villager (Male) |
| 2:56 | Crear | Villager (Male) |
| 3:04 | Construir | House |
| 3:24 | Crear | Villager (Male) |
| 3:44 | Crear | Villager (Male) |
| 3:45 | Crear | Villager (Male) |
| 3:52 | Construir | House |
| 4:20 | Crear | Villager (Male) |
| 4:44 | Crear | Villager (Male) |
| 5:01 | Investigar | Loom |
| 5:03 | Crear | Villager (Male) |
| 5:20 | Crear | Villager (Male) |
| 5:21 | Crear | Villager (Male) |
| 5:25 | Crear | Villager (Male) |
| 5:51 | Crear | Villager (Male) |
| 5:57 | Construir | House |
| 6:04 | Construir | Palisade Wall |
| 6:05 | Construir | Palisade Wall |
| 6:10 | Crear | Villager (Male) |
| 6:56 | Construir | House |
| 7:00 | Construir | Palisade Wall |
| 7:01 | Construir | Palisade Wall |
| 7:02 | Construir | Palisade Wall |
| 7:06 | Construir | Palisade Wall |
| 7:32 | Crear | Villager (Male) |
| 7:44 | Construir | House |
| 8:26 | Crear | Villager (Male) |
| 8:31 | Construir | Mining Camp |
| 8:58 | Crear | Villager (Male) |
| 9:12 | Construir | Mill |
| 9:20 | Crear | Villager (Male) |
| 9:32 | Investigar | Feudal Age |
| 9:53 | Crear | Villager (Male) |
| 10:36 | Crear | Villager (Male) |
| 11:15 | Crear | Villager (Male) |
| 11:18 | Construir | Barracks |
| 11:19 | Crear | Villager (Male) |
| 11:53 | Crear | Villager (Male) |
| 11:58 | Edad | Edad Feudal |
| 12:01 | Construir | Blacksmith |
| 12:09 | Construir | Stable |
| 12:49 | Investigar | Castle Age |
| 13:16 | Construir | Farm |
| 13:21 | Construir | Farm |
| 13:24 | Investigar | Double-Bit Axe |
| 14:04 | Construir | Farm |
| 14:08 | Construir | Farm |
| 14:09 | Crear | Villager (Male) |
| 14:11 | Construir | House |
| 14:37 | Construir | Market |
| 14:46 | Crear | Villager (Male) |
| 15:08 | Crear | Villager (Male) |
| 15:29 | Edad | Edad de los Castillos |
| 15:32 | Crear | Knight ×4 |
| 15:45 | Investigar | Bow Saw |
| 15:55 | Crear | Villager (Male) |
| 15:57 | Construir | Farm |
| 16:04 | Construir | Farm |
| 16:11 | Investigar | Horse Collar |
| 16:11 | Crear | Villager (Male) |
| 16:34 | Crear | Knight |
| 16:34 | Crear | Knight |
| 16:40 | Construir | House |
| 16:41 | Crear | Villager (Male) |
| 17:01 | Crear | Knight |
| 17:03 | Crear | Villager (Male) |
| 17:03 | Crear | Villager (Male) |
| 17:16 | Crear | Knight |
| 17:29 | Construir | Town Center |
| 17:31 | Crear | Villager (Male) |
| 17:32 | Crear | Villager (Male) |
| 17:58 | Crear | Villager (Male) |
| 18:06 | Crear | Knight |
| 18:07 | Crear | Villager (Male) |
| 18:07 | Crear | Villager (Male) |
| 18:10 | Construir | House |
| 18:14 | Construir | House |
| 18:25 | Investigar | Wheelbarrow |
| 18:28 | Crear | Villager (Male) |
| 18:51 | Crear | Villager (Male) |
| 18:52 | Crear | Knight |
| 18:56 | Construir | Farm |
| 18:56 | Construir | Farm |
| 18:57 | Construir | Farm |
| 18:57 | Construir | Farm |
| 18:57 | Construir | Farm |
| 18:58 | Construir | Farm |
| 18:58 | Crear | Villager (Male) |
| 19:20 | Construir | Farm |
| 19:20 | Construir | Farm |
| 19:21 | Construir | Farm |
| 19:21 | Construir | Farm |
| 19:21 | Construir | Farm |
| 19:39 | Crear | Villager (Male) |
| 19:41 | Crear | Camel Scout |
| 19:46 | Construir | Farm |
| 19:48 | Construir | Farm |
| 20:00 | Construir | House |
| 20:01 | Construir | House |
| 20:06 | Crear | Villager (Male) |
| 20:13 | Crear | Villager (Male) |
| 20:15 | Crear | Camel Scout |
| 20:17 | Crear | Villager (Male) |
| 20:31 | Crear | Villager (Male) |
| 20:41 | Crear | Villager (Male) |
| 20:43 | Construir | Farm |
| 20:48 | Construir | Farm |
| 20:49 | Construir | Farm |
| 20:50 | Crear | Villager (Male) |
| 21:25 | Crear | Villager (Male) |
| 21:32 | Crear | Villager (Male) |
| 21:39 | Crear | Villager (Male) |
| 21:47 | Crear | Villager (Male) |
| 21:50 | Construir | Town Center |
| 21:58 | Construir | Town Center |
| 21:58 | Crear | Villager (Male) |
| 22:01 | Construir | Lumber Camp |
| 22:09 | Crear | Villager (Male) |
| 22:14 | Construir | Farm |
| 22:14 | Construir | Farm |
| 22:15 | Construir | Farm |
| 22:15 | Construir | Farm |
| 22:15 | Construir | Farm |
| 22:16 | Crear | Villager (Male) |
| 22:29 | Crear | Villager (Male) |
| 22:37 | Crear | Villager (Male) |
| 22:44 | Construir | Farm |
| 22:44 | Construir | Farm |
| 22:45 | Construir | Farm |
| 22:45 | Construir | Farm |
| 22:45 | Construir | Farm |
| 22:46 | Crear | Villager (Male) |
| 23:16 | Crear | Villager (Male) |
| 23:22 | Crear | Villager (Male) |
| 23:22 | Crear | Villager (Male) |
| 23:23 | Crear | Villager (Male) |
| 23:46 | Crear | Villager (Male) |
| 23:47 | Crear | Villager (Male) |
| 23:47 | Crear | Villager (Male) |
| 23:54 | Construir | Farm |
| 23:54 | Construir | Farm |
Build order — Ez4u2nv
Primeras 150 de 422 acciones detectadas
| 0:01 | Investigar | Loom |
| 0:57 | Crear | Villager (Male) |
| 0:57 | Crear | Villager (Male) |
| 1:08 | Construir | Palisade Wall |
| 1:48 | Crear | Villager (Male) |
| 1:48 | Crear | Villager (Male) |
| 1:51 | Construir | Palisade Wall |
| 1:52 | Construir | Palisade Wall |
| 1:52 | Construir | Palisade Wall |
| 1:54 | Construir | Palisade Wall |
| 2:36 | Crear | Villager (Male) |
| 3:31 | Crear | Villager (Male) |
| 3:31 | Crear | Villager (Male) |
| 3:35 | Crear | Villager (Male) |
| 3:35 | Crear | Villager (Male) |
| 4:39 | Construir | House |
| 4:46 | Crear | Villager (Male) |
| 5:07 | Crear | Villager (Male) |
| 5:07 | Crear | Villager (Male) |
| 5:33 | Crear | Villager (Male) |
| 6:17 | Construir | Palisade Wall |
| 6:23 | Construir | House |
| 6:47 | Construir | Palisade Wall |
| 6:59 | Crear | Villager (Male) |
| 6:59 | Crear | Villager (Male) |
| 6:59 | Crear | Villager (Male) |
| 7:17 | Construir | Palisade Wall |
| 7:19 | Construir | Palisade Wall |
| 7:21 | Construir | Palisade Wall |
| 7:29 | Crear | Villager (Male) |
| 7:51 | Construir | House |
| 8:11 | Crear | Villager (Male) |
| 8:30 | Construir | Palisade Wall |
| 8:35 | Construir | Lumber Camp |
| 9:02 | Construir | Palisade Wall |
| 9:10 | Crear | Villager (Male) |
| 9:28 | Crear | Villager (Male) |
| 9:47 | Construir | House |
| 9:55 | Construir | Palisade Wall |
| 9:57 | Construir | Palisade Wall |
| 10:02 | Crear | Villager (Male) |
| 10:02 | Crear | Villager (Male) |
| 10:23 | Crear | Villager (Male) |
| 10:30 | Construir | Mill |
| 10:50 | Crear | Villager (Male) |
| 10:59 | Construir | Palisade Wall |
| 11:03 | Crear | Villager (Male) |
| 11:36 | Crear | Villager (Male) |
| 11:43 | Construir | Palisade Wall |
| 11:44 | Construir | Palisade Wall |
| 11:45 | Construir | Palisade Wall |
| 11:52 | Construir | Mill |
| 11:58 | Construir | Palisade Wall |
| 12:06 | Construir | House |
| 12:33 | Construir | Palisade Wall |
| 12:36 | Construir | Palisade Wall |
| 12:39 | Crear | Villager (Male) |
| 12:47 | Crear | Villager (Male) |
| 12:56 | Construir | Palisade Wall |
| 13:25 | Construir | Palisade Wall |
| 13:34 | Construir | Palisade Wall |
| 13:34 | Construir | Palisade Wall |
| 13:41 | Construir | Palisade Wall |
| 13:48 | Crear | Villager (Male) |
| 13:49 | Crear | Villager (Male) |
| 13:51 | Construir | Farm |
| 13:52 | Construir | Farm |
| 14:05 | Construir | House |
| 14:27 | Construir | Farm |
| 14:28 | Construir | Farm |
| 14:38 | Crear | Villager (Male) |
| 14:54 | Investigar | Feudal Age |
| 15:20 | Construir | Mining Camp |
| 15:53 | Construir | Palisade Gate |
| 16:06 | Construir | Palisade Wall |
| 16:07 | Construir | Palisade Wall |
| 16:16 | Construir | Palisade Wall |
| 16:22 | Construir | Palisade Wall |
| 16:55 | Construir | Palisade Wall |
| 17:13 | Edad | Edad Feudal |
| 17:18 | Construir | Palisade Wall |
| 17:19 | Crear | Villager (Male) |
| 17:19 | Crear | Villager (Male) |
| 17:20 | Crear | Villager (Male) |
| 17:23 | Construir | Market |
| 17:43 | Construir | Blacksmith |
| 18:10 | Crear | Villager (Male) |
| 18:14 | Construir | House |
| 18:15 | Construir | House |
| 18:27 | Investigar | Castle Age |
| 18:45 | Investigar | Double-Bit Axe |
| 19:21 | Construir | Mining Camp |
| 19:31 | Investigar | Horse Collar |
| 19:38 | Construir | Lumber Camp |
| 20:02 | Construir | Farm |
| 20:08 | Construir | Farm |
| 20:10 | Crear | Villager (Male) |
| 20:10 | Crear | Villager (Male) |
| 20:33 | Construir | Stone Wall |
| 20:35 | Construir | Gate |
| 20:36 | Construir | Stone Wall |
| 20:55 | Crear | Villager (Male) |
| 21:02 | Construir | Stone Wall |
| 21:04 | Construir | Gate |
| 21:06 | Construir | Stone Wall |
| 21:07 | Construir | Stone Wall |
| 21:07 | Construir | Stone Wall |
| 21:09 | Construir | Stone Wall |
| 21:10 | Construir | Stone Wall |
| 21:15 | Edad | Edad de los Castillos |
| 21:18 | Crear | Villager (Male) |
| 21:21 | Construir | Town Center |
| 21:26 | Construir | Town Center |
| 21:31 | Investigar | Bow Saw |
| 21:54 | Construir | Farm |
| 21:56 | Construir | Farm |
| 22:13 | Crear | Villager (Male) |
| 22:27 | Crear | Villager (Male) |
| 22:36 | Crear | Villager (Male) |
| 22:37 | Crear | Villager (Male) |
| 22:37 | Crear | Villager (Male) |
| 22:39 | Construir | Town Center |
| 22:44 | Construir | Farm |
| 22:47 | Construir | Farm |
| 22:52 | Construir | Farm |
| 23:01 | Construir | Outpost |
| 23:04 | Crear | Villager (Male) |
| 23:04 | Crear | Villager (Male) |
| 23:17 | Construir | Farm |
| 23:20 | Construir | Farm |
| 23:25 | Crear | Villager (Male) |
| 23:30 | Construir | Farm |
| 23:32 | Construir | Farm |
| 23:33 | Crear | Villager (Male) |
| 23:36 | Construir | Farm |
| 23:41 | Crear | Villager (Male) |
| 23:42 | Crear | Villager (Male) |
| 23:44 | Construir | Farm |
| 24:06 | Crear | Villager (Male) |
| 24:08 | Crear | Villager (Male) |
| 24:12 | Construir | Farm |
| 24:15 | Construir | Farm |
| 24:17 | Construir | Farm |
| 24:20 | Construir | Farm |
| 24:31 | Crear | Villager (Male) |
| 24:32 | Crear | Villager (Male) |
| 24:35 | Crear | Villager (Male) |
| 24:39 | Construir | Farm |
| 24:49 | Crear | Villager (Male) |
| 24:51 | Crear | Villager (Male) |
Build order — Armitte
Primeras 150 de 246 acciones detectadas
| 0:00 | Crear | Villager (Male) |
| 0:01 | Crear | Villager (Male) |
| 0:01 | Crear | Villager (Male) |
| 0:02 | Construir | House |
| 0:03 | Construir | House |
| 0:13 | Crear | Villager (Male) |
| 0:13 | Crear | Villager (Male) |
| 1:01 | Crear | Villager (Male) |
| 1:30 | Crear | Villager (Male) |
| 2:14 | Construir | House |
| 2:27 | Crear | Villager (Male) |
| 2:38 | Construir | Palisade Wall |
| 2:40 | Crear | Villager (Male) |
| 2:40 | Crear | Villager (Male) |
| 2:50 | Construir | Lumber Camp |
| 3:06 | Crear | Villager (Male) |
| 3:16 | Construir | Palisade Wall |
| 3:18 | Crear | Villager (Male) |
| 3:18 | Crear | Villager (Male) |
| 4:06 | Construir | Palisade Wall |
| 4:09 | Construir | Palisade Wall |
| 4:14 | Construir | Palisade Wall |
| 4:21 | Construir | Palisade Wall |
| 4:23 | Crear | Villager (Male) |
| 4:37 | Construir | Palisade Wall |
| 4:38 | Construir | House |
| 4:43 | Crear | Villager (Male) |
| 4:45 | Crear | Villager (Male) |
| 4:50 | Construir | Palisade Wall |
| 4:53 | Crear | Villager (Male) |
| 4:56 | Construir | House |
| 5:01 | Construir | Palisade Wall |
| 5:02 | Construir | Palisade Wall |
| 5:05 | Construir | Palisade Wall |
| 5:09 | Construir | Palisade Wall |
| 5:16 | Construir | Palisade Wall |
| 5:46 | Crear | Villager (Male) |
| 5:51 | Construir | House |
| 5:55 | Construir | Lumber Camp |
| 7:01 | Construir | Palisade Wall |
| 7:02 | Crear | Villager (Male) |
| 7:02 | Crear | Villager (Male) |
| 7:02 | Crear | Villager (Male) |
| 7:17 | Construir | Palisade Wall |
| 7:19 | Construir | Palisade Wall |
| 7:21 | Construir | Palisade Wall |
| 7:22 | Construir | Palisade Wall |
| 7:24 | Construir | Palisade Wall |
| 7:25 | Construir | Palisade Wall |
| 7:30 | Construir | Palisade Wall |
| 7:33 | Construir | Palisade Wall |
| 7:33 | Construir | Palisade Wall |
| 7:38 | Crear | Villager (Male) |
| 7:38 | Crear | Villager (Male) |
| 7:44 | Investigar | Loom |
| 7:45 | Crear | Villager (Male) |
| 8:03 | Crear | Villager (Male) |
| 9:46 | Construir | Palisade Gate |
| 10:47 | Construir | House |
| 10:54 | Construir | Palisade Gate |
| 11:51 | Crear | Villager (Male) |
| 12:04 | Construir | Mill |
| 12:11 | Crear | Villager (Male) |
| 12:43 | Construir | Palisade Gate |
| 12:49 | Construir | Palisade Gate |
| 12:57 | Crear | Villager (Male) |
| 13:08 | Crear | Villager (Male) |
| 13:09 | Crear | Villager (Male) |
| 13:12 | Crear | Villager (Male) |
| 13:25 | Construir | Palisade Wall |
| 13:26 | Construir | Palisade Wall |
| 13:27 | Construir | Palisade Wall |
| 13:29 | Construir | Palisade Wall |
| 13:43 | Crear | Villager (Male) |
| 13:49 | Construir | Mill |
| 13:54 | Construir | Barracks |
| 14:19 | Crear | Villager (Male) |
| 14:27 | Construir | Mining Camp |
| 14:29 | Construir | Mining Camp |
| 15:11 | Construir | Palisade Wall |
| 15:22 | Construir | Palisade Wall |
| 15:28 | Crear | Villager (Male) |
| 15:31 | Construir | Farm |
| 15:33 | Construir | Farm |
| 16:05 | Construir | Farm |
| 16:07 | Crear | Villager (Male) |
| 16:34 | Investigar | Feudal Age |
| 16:38 | Construir | Farm |
| 17:14 | Crear | Villager (Male) |
| 17:39 | Construir | House |
| 18:09 | Construir | Palisade Wall |
| 18:44 | Edad | Edad Feudal |
| 18:48 | Construir | Lumber Camp |
| 18:51 | Construir | Stone Wall |
| 18:58 | Construir | Stone Wall |
| 19:05 | Crear | Villager (Male) |
| 19:13 | Construir | Blacksmith |
| 19:16 | Construir | Market |
| 19:31 | Crear | Villager (Male) |
| 19:43 | Construir | Lumber Camp |
| 20:05 | Investigar | Castle Age |
| 20:22 | Construir | Farm |
| 20:30 | Construir | Farm |
| 20:40 | Investigar | Double-Bit Axe |
| 20:41 | Investigar | Horse Collar |
| 20:51 | Construir | Farm |
| 20:57 | Construir | Farm |
| 21:02 | Crear | Villager (Male) |
| 21:09 | Investigar | Gold Mining |
| 21:20 | Construir | Farm |
| 22:01 | Construir | House |
| 22:08 | Construir | Farm |
| 22:11 | Construir | Farm |
| 22:16 | Construir | Farm |
| 22:45 | Edad | Edad de los Castillos |
| 22:48 | Construir | Siege Workshop |
| 22:57 | Construir | University |
| 23:03 | Crear | Villager (Male) |
| 23:34 | Crear | Villager (Male) |
| 23:50 | Construir | Mining Camp |
| 24:08 | Investigar | Imperial Age |
| 24:17 | Construir | Farm |
| 24:21 | Construir | Farm |
| 24:28 | Construir | Farm |
| 24:46 | Construir | House |
| 25:01 | Investigar | Bow Saw |
| 25:17 | Crear | Villager (Male) |
| 25:49 | Crear | Villager (Male) |
| 26:12 | Construir | Barracks |
| 27:05 | Construir | Gate |
| 27:14 | Construir | Gate |
| 27:18 | Edad | Edad Imperial |
| 27:22 | Crear | Villager (Male) |
| 27:26 | Construir | Archery Range |
| 27:28 | Investigar | Chemistry |
| 27:51 | Construir | Gate |
| 27:55 | Construir | Stone Wall |
| 27:57 | Crear | Villager (Male) |
| 28:04 | Construir | Archery Range |
| 28:16 | Construir | Stone Wall |
| 28:19 | Construir | Stone Wall |
| 28:46 | Crear | Villager (Male) |
| 28:46 | Crear | Villager (Male) |
| 28:53 | Crear | Villager (Male) |
| 29:12 | Construir | Archery Range |
| 29:17 | Crear | Hand Cannoneer |
| 29:17 | Crear | Hand Cannoneer |
| 29:19 | Crear | Bombard Cannon |
| 29:41 | Crear | Villager (Male) |
| 29:45 | Construir | House |
Build order — Rodney McKay
Primeras 150 de 349 acciones detectadas
| 0:01 | Crear | Villager (Male) |
| 0:02 | Construir | House |
| 0:03 | Construir | House |
| 0:08 | Crear | Villager (Male) |
| 0:09 | Investigar | Loom |
| 0:11 | Crear | Villager (Male) |
| 0:12 | Crear | Villager (Male) |
| 1:56 | Crear | Villager (Male) |
| 2:47 | Crear | Villager (Male) |
| 3:02 | Construir | Palisade Wall |
| 3:03 | Construir | Palisade Wall |
| 3:04 | Construir | Palisade Wall |
| 3:05 | Construir | Palisade Wall |
| 3:07 | Crear | Villager (Male) |
| 4:42 | Crear | Villager (Male) |
| 4:46 | Construir | House |
| 5:24 | Construir | Palisade Wall |
| 5:42 | Crear | Villager (Male) |
| 6:18 | Crear | Villager (Male) |
| 6:49 | Crear | Villager (Male) |
| 7:05 | Crear | Villager (Male) |
| 7:35 | Crear | Villager (Male) |
| 8:06 | Crear | Villager (Male) |
| 8:08 | Construir | House |
| 8:31 | Crear | Villager (Male) |
| 8:56 | Crear | Villager (Male) |
| 9:22 | Crear | Villager (Male) |
| 9:26 | Crear | Villager (Male) |
| 9:35 | Construir | Lumber Camp |
| 9:58 | Crear | Villager (Male) |
| 10:03 | Crear | Villager (Male) |
| 10:24 | Crear | Villager (Male) |
| 10:24 | Crear | Villager (Male) |
| 10:40 | Construir | House |
| 11:22 | Crear | Villager (Male) |
| 12:01 | Crear | Villager (Male) |
| 12:13 | Construir | Mill |
| 12:14 | Crear | Villager (Male) |
| 12:32 | Crear | Villager (Male) |
| 12:47 | Construir | House |
| 12:49 | Crear | Villager (Male) |
| 12:52 | Crear | Villager (Male) |
| 13:02 | Crear | Villager (Male) |
| 13:07 | Construir | Palisade Wall |
| 13:14 | Construir | Palisade Wall |
| 13:15 | Construir | Palisade Wall |
| 13:30 | Construir | House |
| 14:26 | Investigar | Feudal Age |
| 14:29 | Construir | Lumber Camp |
| 14:57 | Investigar | Double-Bit Axe |
| 15:35 | Construir | Mining Camp |
| 15:53 | Crear | Villager (Male) |
| 15:53 | Crear | Villager (Male) |
| 16:20 | Construir | Palisade Wall |
| 16:36 | Edad | Edad Feudal |
| 16:38 | Construir | Farm |
| 16:41 | Construir | Watch Tower |
| 16:50 | Construir | Barracks |
| 17:06 | Crear | Villager (Male) |
| 17:42 | Construir | Stone Wall |
| 17:46 | Crear | Villager (Male) |
| 17:47 | Construir | Farm |
| 18:11 | Construir | Farm |
| 18:15 | Construir | Farm |
| 18:16 | Crear | Villager (Male) |
| 18:20 | Construir | Stone Wall |
| 18:31 | Crear | Villager (Male) |
| 18:59 | Construir | Stone Wall |
| 19:04 | Construir | Stone Wall |
| 19:08 | Construir | Outpost |
| 19:10 | Construir | Stone Wall |
| 19:13 | Crear | Villager (Male) |
| 19:13 | Crear | Villager (Male) |
| 19:19 | Construir | Farm |
| 19:24 | Construir | House |
| 19:27 | Construir | House |
| 19:40 | Construir | Stone Wall |
| 20:03 | Crear | Villager (Male) |
| 20:09 | Construir | Stone Wall |
| 20:40 | Crear | Villager (Male) |
| 21:02 | Crear | Villager (Male) |
| 21:27 | Crear | Villager (Male) |
| 21:28 | Construir | Market |
| 21:29 | Construir | Blacksmith |
| 21:34 | Investigar | Bow Saw |
| 22:04 | Investigar | Castle Age |
| 22:07 | Construir | Lumber Camp |
| 22:28 | Investigar | Horse Collar |
| 22:55 | Construir | Stone Wall |
| 23:07 | Construir | Stone Wall |
| 23:08 | Construir | Stone Wall |
| 23:18 | Construir | Stone Wall |
| 23:29 | Construir | Stone Wall |
| 23:38 | Construir | Stone Wall |
| 23:42 | Construir | Stone Wall |
| 23:55 | Construir | House |
| 24:00 | Construir | Stone Wall |
| 24:08 | Construir | Stone Wall |
| 24:26 | Construir | Stone Wall |
| 24:30 | Crear | Villager (Male) |
| 24:30 | Crear | Villager (Male) |
| 24:44 | Edad | Edad de los Castillos |
| 24:45 | Construir | University |
| 24:50 | Construir | Town Center |
| 24:52 | Investigar | Two-Man Saw |
| 24:54 | Investigar | Heavy Plow |
| 25:06 | Construir | Stone Wall |
| 25:20 | Construir | Stone Wall |
| 25:29 | Crear | Villager (Male) |
| 25:49 | Investigar | Fortified Wall (upgrade) |
| 25:50 | Crear | Villager (Male) |
| 25:58 | Construir | Stone Wall |
| 26:01 | Construir | Stone Wall |
| 26:02 | Construir | Stone Wall |
| 26:11 | Construir | Farm |
| 26:12 | Construir | Farm |
| 26:12 | Construir | Farm |
| 26:12 | Construir | Farm |
| 26:15 | Construir | Farm |
| 26:15 | Construir | Farm |
| 26:18 | Crear | Villager (Male) |
| 26:23 | Construir | Stone Wall |
| 26:25 | Construir | Stone Wall |
| 26:27 | Construir | Stone Wall |
| 26:33 | Construir | Stone Wall |
| 26:35 | Construir | Stone Wall |
| 26:37 | Construir | Stone Wall |
| 26:41 | Crear | Villager (Male) |
| 26:44 | Construir | Farm |
| 26:46 | Construir | Farm |
| 27:02 | Construir | Stone Wall |
| 27:04 | Construir | Stone Wall |
| 27:08 | Construir | Farm |
| 27:08 | Construir | Farm |
| 27:09 | Construir | Farm |
| 27:10 | Crear | Villager (Male) |
| 27:13 | Crear | Villager (Male) |
| 27:21 | Construir | Stone Wall |
| 27:28 | Construir | Stone Wall |
| 27:29 | Crear | Villager (Male) |
| 27:32 | Construir | Farm |
| 27:33 | Crear | Villager (Male) |
| 27:35 | Construir | Farm |
| 27:37 | Construir | House |
| 27:51 | Construir | Stone Wall |
| 27:53 | Crear | Villager (Male) |
| 27:54 | Crear | Villager (Male) |
| 28:02 | Construir | Stone Wall |
| 28:03 | Crear | Villager (Male) |
| 28:08 | Construir | Town Center |
Build order — Ther
Primeras 150 de 357 acciones detectadas
| 0:01 | Crear | Villager (Male) |
| 0:01 | Crear | Villager (Male) |
| 0:01 | Crear | Villager (Male) |
| 0:02 | Construir | House |
| 0:03 | Construir | House |
| 0:06 | Crear | Villager (Male) |
| 1:31 | Crear | Villager (Male) |
| 1:55 | Construir | Settlement |
| 2:05 | Crear | Villager (Male) |
| 2:05 | Crear | Villager (Male) |
| 2:40 | Crear | Villager (Male) |
| 3:10 | Crear | Villager (Male) |
| 3:10 | Crear | Villager (Male) |
| 3:34 | Crear | Villager (Male) |
| 3:59 | Crear | Villager (Male) |
| 3:59 | Crear | Villager (Male) |
| 4:22 | Construir | Dock |
| 4:25 | Crear | Villager (Male) |
| 5:01 | Crear | Villager (Male) |
| 5:01 | Crear | Villager (Male) |
| 5:08 | Crear | Fishing Ship |
| 5:15 | Investigar | Loom |
| 5:21 | Crear | Villager (Male) |
| 5:53 | Crear | Fishing Ship |
| 6:07 | Crear | Villager (Male) |
| 6:19 | Construir | Palisade Wall |
| 6:24 | Construir | Palisade Wall |
| 6:33 | Construir | Palisade Wall |
| 6:37 | Construir | Palisade Wall |
| 6:46 | Construir | Palisade Wall |
| 6:50 | Crear | Villager (Male) |
| 6:51 | Crear | Fishing Ship |
| 6:51 | Crear | Fishing Ship |
| 6:51 | Crear | Villager (Male) |
| 6:52 | Crear | Villager (Male) |
| 6:52 | Crear | Villager (Male) |
| 6:52 | Crear | Villager (Male) |
| 6:57 | Construir | Palisade Wall |
| 7:19 | Construir | Palisade Wall |
| 7:24 | Crear | Villager (Male) |
| 7:24 | Crear | Villager (Male) |
| 7:50 | Crear | Fishing Ship |
| 8:27 | Construir | Settlement |
| 8:52 | Crear | Villager (Male) |
| 8:57 | Crear | Fishing Ship |
| 9:16 | Construir | House |
| 9:29 | Crear | Villager (Male) |
| 10:12 | Crear | Villager (Male) |
| 10:13 | Crear | Villager (Male) |
| 10:44 | Investigar | Feudal Age |
| 11:53 | Crear | Villager (Male) |
| 11:53 | Crear | Villager (Male) |
| 13:12 | Edad | Edad Feudal |
| 13:15 | Construir | Market |
| 13:19 | Construir | Blacksmith |
| 13:36 | Construir | Fish Trap |
| 13:39 | Construir | Fish Trap |
| 14:01 | Construir | Fish Trap |
| 14:07 | Investigar | Castle Age |
| 14:12 | Construir | Fish Trap |
| 14:22 | Investigar | Double-Bit Axe |
| 14:23 | Investigar | Horse Collar |
| 14:40 | Construir | Fish Trap |
| 15:38 | Crear | Villager (Male) |
| 15:44 | Crear | Fishing Ship |
| 15:51 | Crear | Fishing Ship |
| 16:47 | Edad | Edad de los Castillos |
| 17:03 | Construir | Castle |
| 17:12 | Crear | Villager (Male) |
| 17:22 | Construir | Monastery |
| 17:32 | Construir | Fish Trap |
| 17:34 | Construir | Fish Trap |
| 17:43 | Crear | Villager (Male) |
| 18:18 | Investigar | Imperial Age |
| 18:41 | Construir | Settlement |
| 18:55 | Crear | Kamayuk |
| 19:00 | Investigar | Horse Collar |
| 19:11 | Investigar | Bow Saw |
| 19:46 | Construir | Barracks |
| 19:53 | Investigar | Fletching |
| 20:06 | Investigar | Horse Collar |
| 20:09 | Investigar | Gold Mining |
| 20:27 | Construir | Archery Range |
| 20:49 | Crear | Villager (Male) |
| 20:55 | Investigar | Bodkin Arrow |
| 21:13 | Construir | Settlement |
| 21:28 | Edad | Edad Imperial |
| 21:30 | Crear | Trebuchet (Packed) |
| 21:38 | Investigar | Crossbowman (upgrade) |
| 21:40 | Crear | Villager (Male) |
| 21:56 | Crear | Archer |
| 22:15 | Crear | Villager (Male) |
| 22:21 | Crear | Trebuchet (Packed) |
| 22:32 | Crear | Villager (Male) |
| 22:36 | Crear | Archer |
| 22:42 | Construir | Archery Range |
| 23:02 | Crear | Villager (Male) |
| 23:12 | Construir | Town Center |
| 23:17 | Crear | Archer |
| 23:17 | Crear | Archer |
| 23:35 | Crear | Villager (Male) |
| 23:40 | Investigar | Horse Collar |
| 23:47 | Investigar | Tech 906 |
| 23:49 | Crear | Fishing Ship |
| 23:49 | Crear | Fishing Ship |
| 23:50 | Crear | Fishing Ship |
| 23:59 | Crear | Archer |
| 23:59 | Crear | Archer |
| 24:00 | Crear | Archer |
| 24:00 | Crear | Archer |
| 24:11 | Construir | Archery Range |
| 24:13 | Crear | Villager (Male) |
| 24:28 | Crear | Villager (Male) |
| 24:33 | Construir | Fish Trap |
| 24:36 | Crear | Villager (Male) |
| 24:41 | Investigar | Gillnets |
| 24:56 | Crear | Trebuchet (Packed) |
| 25:11 | Crear | Fishing Ship |
| 25:20 | Construir | Dock |
| 25:22 | Construir | Dock |
| 25:27 | Crear | Villager (Male) |
| 25:29 | Crear | Fishing Ship |
| 25:29 | Crear | Fishing Ship |
| 25:39 | Construir | Fish Trap |
| 25:41 | Crear | Villager (Male) |
| 26:14 | Crear | Fishing Ship |
| 26:14 | Crear | Fishing Ship |
| 26:17 | Crear | Villager (Male) |
| 26:18 | Crear | Villager (Male) |
| 26:18 | Crear | Villager (Male) |
| 26:18 | Crear | Villager (Male) |
| 26:24 | Crear | Fishing Ship |
| 26:30 | Construir | Fish Trap |
| 26:36 | Crear | Villager (Male) |
| 26:36 | Crear | Villager (Male) |
| 26:36 | Crear | Villager (Male) |
| 26:45 | Crear | Villager (Male) |
| 26:51 | Construir | Fish Trap |
| 26:58 | Construir | Dock |
| 27:03 | Construir | Fish Trap |
| 27:06 | Crear | Fishing Ship |
| 27:07 | Crear | Fishing Ship |
| 27:07 | Crear | Fishing Ship |
| 27:09 | Crear | Villager (Male) |
| 27:09 | Crear | Villager (Male) |
| 27:24 | Crear | Villager (Male) |
| 27:24 | Crear | Villager (Male) |
| 27:28 | Construir | Fish Trap |
| 27:31 | Crear | Villager (Male) |
| 27:31 | Crear | Villager (Male) |
Build order — Jinada
Primeras 150 de 437 acciones detectadas
| 0:01 | Crear | Villager (Male) |
| 0:02 | Construir | House |
| 0:04 | Construir | House |
| 0:13 | Investigar | Loom |
| 0:14 | Crear | Villager (Male) |
| 0:14 | Crear | Villager (Male) |
| 0:14 | Crear | Villager (Male) |
| 0:15 | Crear | Villager (Male) |
| 0:15 | Crear | Villager (Male) |
| 0:46 | Construir | Palisade Wall |
| 1:07 | Construir | Palisade Wall |
| 2:09 | Construir | Palisade Wall |
| 2:13 | Crear | Villager (Male) |
| 2:28 | Construir | Palisade Wall |
| 2:49 | Crear | Villager (Male) |
| 2:50 | Crear | Villager (Male) |
| 3:16 | Crear | Villager (Male) |
| 3:17 | Crear | Villager (Male) |
| 3:34 | Construir | Palisade Wall |
| 3:35 | Construir | Palisade Wall |
| 3:40 | Crear | Villager (Male) |
| 4:05 | Construir | Palisade Wall |
| 4:06 | Crear | Villager (Male) |
| 4:07 | Crear | Villager (Male) |
| 4:24 | Crear | Villager (Male) |
| 4:39 | Construir | Palisade Wall |
| 4:42 | Construir | Palisade Wall |
| 4:46 | Construir | Palisade Wall |
| 4:49 | Construir | Palisade Wall |
| 4:49 | Crear | Villager (Male) |
| 4:50 | Crear | Villager (Male) |
| 4:58 | Construir | Palisade Wall |
| 5:04 | Construir | Palisade Wall |
| 5:07 | Construir | Palisade Wall |
| 5:11 | Crear | Villager (Male) |
| 5:11 | Crear | Villager (Male) |
| 5:30 | Crear | Villager (Male) |
| 5:30 | Crear | Villager (Male) |
| 5:36 | Construir | House |
| 5:38 | Construir | Lumber Camp |
| 5:53 | Construir | Palisade Wall |
| 5:58 | Construir | Palisade Wall |
| 6:05 | Construir | Palisade Wall |
| 6:10 | Construir | Palisade Wall |
| 6:11 | Construir | Palisade Wall |
| 6:12 | Crear | Villager (Male) |
| 6:12 | Crear | Villager (Male) |
| 6:23 | Crear | Villager (Male) |
| 6:23 | Crear | Villager (Male) |
| 7:10 | Construir | House |
| 7:12 | Construir | Palisade Wall |
| 7:20 | Crear | Villager (Male) |
| 7:29 | Crear | Villager (Male) |
| 7:58 | Crear | Villager (Male) |
| 7:58 | Crear | Villager (Male) |
| 7:58 | Crear | Villager (Male) |
| 8:20 | Crear | Villager (Male) |
| 8:20 | Crear | Villager (Male) |
| 8:26 | Construir | Mill |
| 9:15 | Crear | Villager (Male) |
| 9:44 | Construir | House |
| 10:07 | Crear | Villager (Male) |
| 10:09 | Construir | Farm |
| 10:11 | Construir | Farm |
| 10:13 | Construir | Farm |
| 10:24 | Crear | Villager (Male) |
| 10:32 | Construir | Farm |
| 10:34 | Crear | Villager (Male) |
| 10:54 | Investigar | Feudal Age |
| 10:54 | Investigar | Feudal Age |
| 11:11 | Construir | Mining Camp |
| 11:30 | Construir | House |
| 11:56 | Crear | Villager (Male) |
| 12:19 | Construir | Palisade Wall |
| 12:27 | Construir | Farm |
| 12:58 | Edad | Edad Feudal |
| 13:12 | Construir | Market |
| 13:27 | Construir | Palisade Wall |
| 13:28 | Construir | Palisade Wall |
| 13:33 | Crear | Villager (Male) |
| 13:49 | Construir | Lumber Camp |
| 14:02 | Construir | Outpost |
| 14:03 | Construir | Blacksmith |
| 14:46 | Investigar | Castle Age |
| 14:46 | Investigar | Castle Age |
| 15:06 | Construir | Dock |
| 15:19 | Investigar | Double-Bit Axe |
| 15:57 | Construir | House |
| 16:18 | Construir | Stone Wall |
| 16:25 | Construir | Stone Wall |
| 16:33 | Construir | Stone Wall |
| 16:36 | Construir | Stone Wall |
| 16:40 | Crear | Villager (Male) |
| 16:46 | Crear | Fishing Ship |
| 17:11 | Edad | Edad de los Castillos |
| 17:13 | Construir | Siege Workshop |
| 17:16 | Crear | Villager (Male) |
| 17:44 | Construir | Town Center |
| 17:49 | Crear | Mangonel |
| 17:53 | Construir | House |
| 18:02 | Crear | Villager (Male) |
| 18:07 | Construir | Town Center |
| 18:18 | Crear | Fishing Ship |
| 18:23 | Crear | Villager (Male) |
| 18:24 | Investigar | Bow Saw |
| 18:24 | Investigar | Bow Saw |
| 18:48 | Crear | Villager (Male) |
| 18:56 | Crear | Mangonel |
| 18:56 | Crear | Mangonel |
| 19:05 | Crear | Villager (Male) |
| 19:12 | Crear | Villager (Male) |
| 19:17 | Crear | Fishing Ship |
| 19:20 | Crear | Villager (Male) |
| 19:33 | Crear | Villager (Male) |
| 19:47 | Construir | Dock |
| 20:00 | Crear | Villager (Male) |
| 20:03 | Construir | House |
| 20:08 | Crear | Fishing Ship |
| 20:08 | Crear | Fishing Ship |
| 20:11 | Construir | Farm |
| 20:18 | Crear | Villager (Male) |
| 20:19 | Crear | Villager (Male) |
| 20:52 | Crear | Villager (Male) |
| 21:13 | Construir | Stone Wall |
| 21:16 | Construir | Stone Wall |
| 21:30 | Crear | Villager (Male) |
| 21:35 | Construir | Monastery |
| 21:36 | Crear | Villager (Male) |
| 21:42 | Crear | Mangonel |
| 21:44 | Crear | Villager (Male) |
| 21:46 | Crear | Fishing Ship |
| 21:46 | Crear | Fishing Ship |
| 21:50 | Crear | Fishing Ship |
| 21:50 | Crear | Fishing Ship |
| 21:52 | Investigar | Tech 906 |
| 21:52 | Investigar | Tech 906 |
| 22:14 | Crear | Villager (Male) |
| 22:16 | Construir | Stone Wall |
| 22:19 | Crear | Monk |
| 22:21 | Construir | House |
| 22:21 | Construir | House |
| 22:23 | Crear | Villager (Male) |
| 22:26 | Crear | Villager (Male) |
| 22:35 | Crear | Villager (Male) |
| 22:42 | Construir | Outpost |
| 22:48 | Construir | House |
| 23:09 | Crear | Villager (Male) |
| 23:19 | Crear | Mangonel |
| 23:21 | Crear | Villager (Male) |
| 23:24 | Construir | Farm |
Cronología de la partida
| 0:36 | RoR | FloDuFive · wall_segment Palisade Wall x7 |
| 0:46 | Jinada · wall_segment Palisade Wall x5 |
| 1:07 | Jinada · wall_segment Palisade Wall x2 |
| 1:08 | Ez4u2nv · wall_segment Palisade Wall x10 |
| 1:51 | Ez4u2nv · wall_segment Palisade Wall x1 |
| 1:52 | Ez4u2nv · wall_segment Palisade Wall x1 |
| 1:52 | Ez4u2nv · wall_segment Palisade Wall x1 |
| 1:54 | Ez4u2nv · wall_segment Palisade Wall x1 |
| 2:09 | Jinada · wall_segment Palisade Wall x5 |
| 2:28 | Jinada · wall_segment Palisade Wall x1 |
| 2:38 | Armitte · wall_segment Palisade Wall x6 |
| 3:02 | Rodney McKay · wall_segment Palisade Wall x1 |
| 3:03 | Rodney McKay · wall_segment Palisade Wall x1 |
| 3:04 | Rodney McKay · wall_segment Palisade Wall x1 |
| 3:05 | Rodney McKay · wall_segment Palisade Wall x1 |
| 3:16 | Armitte · wall_segment Palisade Wall x6 |
| 3:19 | RoR | FloDuFive · wall_segment Palisade Wall x1 |
| 3:23 | RoR | FloDuFive · wall_segment Palisade Wall x1 |
| 3:24 | RoR | FloDuFive · wall_segment Palisade Wall x1 |
| 3:25 | RoR | FloDuFive · wall_segment Palisade Wall x1 |
| 3:26 | RoR | FloDuFive · wall_segment Palisade Wall x1 |
| 3:34 | Jinada · wall_segment Palisade Wall x1 |
| 3:35 | Jinada · wall_segment Palisade Wall x1 |
| 4:05 | Jinada · wall_segment Palisade Wall x1 |
| 4:06 | Armitte · wall_segment Palisade Wall x1 |
| 4:09 | Armitte · wall_segment Palisade Wall x1 |
| 4:14 | Armitte · wall_segment Palisade Wall x1 |
| 4:21 | Armitte · wall_segment Palisade Wall x1 |
| 4:22 | Ther · first_building Dock |
| 4:30 | RoR | FloDuFive · wall_segment Palisade Wall x2 |
| 4:35 | RoR | FloDuFive · wall_segment Palisade Wall x1 |
| 4:37 | Armitte · wall_segment Palisade Wall x1 |
| 4:39 | Jinada · wall_segment Palisade Wall x1 |
| 4:42 | Jinada · wall_segment Palisade Wall x1 |
| 4:46 | Jinada · wall_segment Palisade Wall x1 |
| 4:49 | Jinada · wall_segment Palisade Wall x1 |
| 4:50 | Armitte · wall_segment Palisade Wall x1 |
| 4:58 | Jinada · wall_segment Palisade Wall x1 |
| 5:01 | Armitte · wall_segment Palisade Wall x1 |
| 5:02 | Armitte · wall_segment Palisade Wall x1 |
| 5:04 | Jinada · wall_segment Palisade Wall x1 |
| 5:05 | Armitte · wall_segment Palisade Wall x1 |
| 5:07 | Jinada · wall_segment Palisade Wall x1 |
| 5:09 | Armitte · wall_segment Palisade Wall x1 |
| 5:16 | Armitte · wall_segment Palisade Wall x1 |
| 5:24 | Rodney McKay · wall_segment Palisade Wall x14 |
| 5:53 | Jinada · wall_segment Palisade Wall x1 |
| 5:55 | [Anvil] Nikolettafraoula · first_building Dock |
| 5:58 | Jinada · wall_segment Palisade Wall x1 |
| 6:04 | banana panin · wall_segment Palisade Wall x1 |
| 6:05 | Jinada · wall_segment Palisade Wall x1 |
| 6:05 | banana panin · wall_segment Palisade Wall x1 |
| 6:10 | Jinada · wall_segment Palisade Wall x1 |
| 6:11 | Jinada · wall_segment Palisade Wall x1 |
| 6:17 | Ez4u2nv · wall_segment Palisade Wall x11 |
| 6:19 | Ther · wall_segment Palisade Wall x1 |
| 6:24 | Ther · wall_segment Palisade Wall x1 |
| 6:33 | Ther · wall_segment Palisade Wall x1 |
| 6:37 | Ther · wall_segment Palisade Wall x1 |
| 6:46 | Ther · wall_segment Palisade Wall x1 |
| 6:47 | Ez4u2nv · wall_segment Palisade Wall x1 |
| 6:54 | RoR | FloDuFive · wall_segment Palisade Wall x1 |
| 6:54 | RoR | FloDuFive · wall_segment Palisade Wall x1 |
| 6:55 | RoR | FloDuFive · wall_segment Palisade Wall x1 |
| 6:56 | RoR | FloDuFive · wall_segment Palisade Wall x1 |
| 6:57 | Ther · wall_segment Palisade Wall x1 |
| 7:00 | banana panin · wall_segment Palisade Wall x1 |
| 7:01 | Armitte · wall_segment Palisade Wall x5 |
| 7:01 | banana panin · wall_segment Palisade Wall x1 |
| 7:02 | banana panin · wall_segment Palisade Wall x1 |
| 7:06 | banana panin · wall_segment Palisade Wall x1 |
| 7:12 | Jinada · wall_segment Palisade Wall x9 |
| 7:17 | Ez4u2nv · wall_segment Palisade Wall x1 |
| 7:17 | Armitte · wall_segment Palisade Wall x1 |
| 7:19 | Ez4u2nv · wall_segment Palisade Wall x1 |
| 7:19 | Ther · wall_segment Palisade Wall x1 |
| 7:19 | Armitte · wall_segment Palisade Wall x1 |
| 7:21 | Ez4u2nv · wall_segment Palisade Wall x1 |
| 7:21 | Armitte · wall_segment Palisade Wall x1 |
| 7:22 | Armitte · wall_segment Palisade Wall x1 |
| 7:24 | Armitte · wall_segment Palisade Wall x1 |
| 7:25 | Armitte · wall_segment Palisade Wall x1 |
| 7:30 | Armitte · wall_segment Palisade Wall x1 |
| 7:33 | Armitte · wall_segment Palisade Wall x1 |
| 7:33 | Armitte · wall_segment Palisade Wall x1 |
| 7:59 | RoR | FloDuFive · wall_segment Palisade Wall x12 |
| 8:30 | Ez4u2nv · wall_segment Palisade Wall x1 |
| 8:40 | RoR | FloDuFive · wall_segment Palisade Wall x1 |
| 8:42 | RoR | FloDuFive · wall_segment Palisade Wall x1 |
| 8:43 | RoR | FloDuFive · wall_segment Palisade Wall x1 |
| 8:46 | RoR | FloDuFive · wall_segment Palisade Wall x1 |
| 8:48 | RoR | FloDuFive · wall_segment Palisade Wall x1 |
| 8:51 | RoR | FloDuFive · wall_segment Palisade Wall x1 |
| 8:57 | RoR | FloDuFive · wall_segment Palisade Wall x1 |
| 9:02 | Ez4u2nv · wall_segment Palisade Wall x1 |
| 9:55 | Ez4u2nv · wall_segment Palisade Wall x1 |
| 9:57 | Ez4u2nv · wall_segment Palisade Wall x1 |
| 10:07 | RoR | FloDuFive · wall_segment Palisade Wall x8 |
| 10:27 | RoR | FloDuFive · wall_segment Palisade Wall x1 |
| 10:45 | RoR | FloDuFive · wall_segment Palisade Wall x1 |
| 10:59 | Ez4u2nv · wall_segment Palisade Wall x1 |
| 11:09 | RoR | FloDuFive · wall_segment Palisade Wall x1 |
| 11:09 | RoR | FloDuFive · wall_segment Palisade Wall x1 |
| 11:10 | RoR | FloDuFive · wall_segment Palisade Wall x1 |
| 11:10 | RoR | FloDuFive · wall_segment Palisade Wall x1 |
| 11:18 | banana panin · first_building Barracks |
| 11:43 | Ez4u2nv · wall_segment Palisade Wall x3 |
| 11:44 | Ez4u2nv · wall_segment Palisade Wall x1 |
| 11:45 | Ez4u2nv · wall_segment Palisade Wall x1 |
| 11:58 | banana panin · age_up feudal |
| 11:58 | Ez4u2nv · wall_segment Palisade Wall x5 |
| 11:58 | RoR | FloDuFive · wall_segment Palisade Wall x1 |
| 12:02 | RoR | FloDuFive · wall_segment Palisade Wall x1 |
| 12:03 | RoR | FloDuFive · wall_segment Palisade Wall x2 |
| 12:09 | banana panin · first_building Stable |
| 12:19 | [Anvil] Nikolettafraoula · age_up feudal |
| 12:19 | Jinada · wall_segment Palisade Wall x1 |
| 12:33 | Ez4u2nv · wall_segment Palisade Wall x1 |
| 12:36 | Ez4u2nv · wall_segment Palisade Wall x1 |
| 12:56 | Ez4u2nv · wall_segment Palisade Wall x1 |
| 12:58 | Jinada · age_up feudal |
| 12:59 | RoR | FloDuFive · wall_segment Palisade Wall x1 |
| 13:01 | RoR | FloDuFive · wall_segment Palisade Wall x1 |
| 13:02 | RoR | FloDuFive · wall_segment Palisade Wall x1 |
| 13:03 | RoR | FloDuFive · wall_segment Palisade Wall x1 |
| 13:04 | RoR | FloDuFive · wall_segment Palisade Wall x1 |
| 13:07 | Rodney McKay · wall_segment Palisade Wall x7 |
| 13:12 | Ther · age_up feudal |
| 13:14 | Rodney McKay · wall_segment Palisade Wall x1 |
| 13:15 | Rodney McKay · wall_segment Palisade Wall x1 |
| 13:25 | Ez4u2nv · wall_segment Palisade Wall x9 |
| 13:25 | Armitte · wall_segment Palisade Wall x1 |
| 13:26 | Armitte · wall_segment Palisade Wall x1 |
| 13:27 | Armitte · wall_segment Palisade Wall x1 |
| 13:27 | Jinada · wall_segment Palisade Wall x1 |
| 13:28 | Jinada · wall_segment Palisade Wall x1 |
| 13:29 | Armitte · wall_segment Palisade Wall x1 |
| 13:30 | RoR | FloDuFive · wall_segment Palisade Wall x4 |
| 13:32 | RoR | FloDuFive · wall_segment Palisade Wall x5 |
| 13:34 | Ez4u2nv · wall_segment Palisade Wall x1 |
| 13:34 | Ez4u2nv · wall_segment Palisade Wall x1 |
| 13:41 | Ez4u2nv · wall_segment Palisade Wall x1 |
| 13:49 | [Anvil] Nikolettafraoula · first_market_sell 100 stone |
| 13:50 | Jinada · first_market_buy 100 wood |
| 13:54 | Armitte · first_building Barracks |
| 14:19 | Jinada · first_market_sell 100 stone |
| 14:45 | [Anvil] Nikolettafraoula · wall_segment Stone Wall x19 |
| 15:03 | RoR | FloDuFive · first_building Dock |
| 15:06 | Jinada · first_building Dock |
| 15:11 | Armitte · wall_segment Palisade Wall x6 |
| 15:22 | Armitte · wall_segment Palisade Wall x9 |
| 15:29 | banana panin · age_up castle |
| 16:06 | Ez4u2nv · wall_segment Palisade Wall x1 |
| 16:06 | banana panin · first_market_buy 100 food |
| 16:07 | Ez4u2nv · wall_segment Palisade Wall x1 |
| 16:12 | RoR | FloDuFive · age_up feudal |
| 16:14 | RoR | FloDuFive · wall_segment Stone Wall x9 |
| 16:16 | Ez4u2nv · wall_segment Palisade Wall x1 |
| 16:18 | Jinada · wall_segment Stone Wall x3 |
| 16:20 | Rodney McKay · wall_segment Palisade Wall x1 |
| 16:22 | Ez4u2nv · wall_segment Palisade Wall x1 |
| 16:25 | Jinada · wall_segment Stone Wall x4 |
| 16:31 | RoR | FloDuFive · wall_segment Stone Wall x16 |
| 16:33 | Jinada · wall_segment Stone Wall x1 |
| 16:35 | [Anvil] Nikolettafraoula · age_up castle |
| 16:36 | Jinada · wall_segment Stone Wall x1 |
| 16:36 | Rodney McKay · age_up feudal |
| 16:39 | RoR | FloDuFive · wall_segment Stone Wall x8 |
| 16:47 | Ther · age_up castle |
| 16:50 | Rodney McKay · first_building Barracks |
| 16:55 | Ez4u2nv · wall_segment Palisade Wall x2 |
| 17:03 | Ther · first_building Castle |
| 17:11 | Jinada · age_up castle |
| 17:13 | Jinada · first_building Siege Workshop |
| 17:13 | Ez4u2nv · age_up feudal |
| 17:18 | Ez4u2nv · wall_segment Palisade Wall x2 |
| 17:22 | Ther · first_building Monastery |
| 17:42 | Rodney McKay · wall_segment Stone Wall x11 |
| 17:43 | [Anvil] Nikolettafraoula · first_building Siege Workshop |
| 17:52 | Ther · first_market_sell 100 wood |
| 17:56 | RoR | FloDuFive · wall_segment Stone Wall x1 |
| 18:05 | banana panin · first_market_sell 100 wood |
| 18:06 | Ther · first_market_buy 100 food |
| 18:09 | Armitte · wall_segment Palisade Wall x9 |
| 18:20 | Rodney McKay · wall_segment Stone Wall x12 |
| 18:44 | Armitte · age_up feudal |
| 18:51 | Armitte · wall_segment Stone Wall x8 |
| 18:58 | Armitte · wall_segment Stone Wall x5 |
| 18:59 | Rodney McKay · wall_segment Stone Wall x1 |
| 19:04 | Rodney McKay · wall_segment Stone Wall x3 |
| 19:10 | Rodney McKay · wall_segment Stone Wall x2 |
| 19:30 | RoR | FloDuFive · first_market_sell 500 stone |
| 19:31 | RoR | FloDuFive · first_market_buy 100 food |
| 19:40 | Rodney McKay · wall_segment Stone Wall x7 |
| 19:46 | Ther · first_building Barracks |
| 20:08 | RoR | FloDuFive · wall_segment Stone Wall x5 |
| 20:09 | Rodney McKay · wall_segment Stone Wall x13 |
| 20:09 | RoR | FloDuFive · wall_segment Stone Wall x5 |
| 20:13 | RoR | FloDuFive · wall_segment Stone Wall x5 |
| 20:27 | Ther · first_building Archery Range |
| 20:33 | Ez4u2nv · wall_segment Stone Wall x3 |
| 20:36 | Ez4u2nv · wall_segment Stone Wall x5 |
| 21:02 | Ez4u2nv · wall_segment Stone Wall x3 |
| 21:06 | Ez4u2nv · wall_segment Stone Wall x1 |
| 21:07 | Ez4u2nv · wall_segment Stone Wall x1 |
| 21:07 | Ez4u2nv · wall_segment Stone Wall x1 |
| 21:09 | Ez4u2nv · wall_segment Stone Wall x1 |
| 21:10 | Ez4u2nv · wall_segment Stone Wall x1 |
| 21:13 | Jinada · wall_segment Stone Wall x2 |
| 21:15 | Ez4u2nv · age_up castle |
| 21:16 | Jinada · wall_segment Stone Wall x1 |
| 21:22 | RoR | FloDuFive · wall_segment Stone Wall x1 |
| 21:28 | Ther · age_up imperial |
| 21:35 | Jinada · first_building Monastery |
| 22:16 | Jinada · wall_segment Stone Wall x4 |
| 22:45 | Armitte · age_up castle |
| 22:48 | Armitte · first_building Siege Workshop |
| 22:55 | Rodney McKay · wall_segment Stone Wall x12 |
| 23:07 | Rodney McKay · wall_segment Stone Wall x1 |
| 23:08 | Rodney McKay · wall_segment Stone Wall x1 |
| 23:18 | Rodney McKay · wall_segment Stone Wall x16 |
| 23:25 | RoR | FloDuFive · age_up castle |
| 23:28 | RoR | FloDuFive · first_building Castle |
| 23:28 | Armitte · first_market_sell 100 stone |
| 23:29 | Rodney McKay · wall_segment Stone Wall x4 |
| 23:30 | [Anvil] Nikolettafraoula · first_building Castle |
| 23:38 | Rodney McKay · wall_segment Stone Wall x7 |
| 23:42 | Rodney McKay · wall_segment Stone Wall x1 |
| 24:00 | Rodney McKay · wall_segment Stone Wall x6 |
| 24:08 | Rodney McKay · wall_segment Stone Wall x1 |
| 24:14 | Jinada · wall_segment Stone Wall x2 |
| 24:22 | Jinada · wall_segment Palisade Wall x1 |
| 24:26 | Rodney McKay · wall_segment Stone Wall x12 |
| 24:27 | Jinada · wall_segment Stone Wall x1 |
| 24:29 | Jinada · wall_segment Stone Wall x1 |
| 24:35 | Rodney McKay · first_market_buy 100 stone |
| 24:36 | Rodney McKay · first_market_sell 100 wood |
| 24:44 | Rodney McKay · age_up castle |
| 25:06 | Rodney McKay · wall_segment Stone Wall x17 |
| 25:13 | RoR | FloDuFive · first_building Siege Workshop |
| 25:20 | Rodney McKay · wall_segment Stone Wall x13 |
| 25:34 | Jinada · wall_segment Stone Wall x1 |
| 25:36 | Jinada · wall_segment Stone Wall x1 |
| 25:58 | Rodney McKay · wall_segment Stone Wall x4 |
| 26:01 | Rodney McKay · wall_segment Stone Wall x1 |
| 26:02 | Rodney McKay · wall_segment Stone Wall x1 |
| 26:06 | [Anvil] Nikolettafraoula · first_building Monastery |
| 26:23 | Rodney McKay · wall_segment Stone Wall x1 |
| 26:25 | Rodney McKay · wall_segment Stone Wall x1 |
| 26:27 | Rodney McKay · wall_segment Stone Wall x1 |
| 26:33 | Rodney McKay · wall_segment Stone Wall x2 |
| 26:34 | Jinada · wall_segment Stone Wall x5 |
| 26:35 | Rodney McKay · wall_segment Stone Wall x2 |
| 26:37 | Rodney McKay · wall_segment Stone Wall x1 |
| 26:44 | Jinada · wall_segment Stone Wall x1 |
| 26:47 | Jinada · wall_segment Stone Wall x3 |
| 26:53 | Jinada · wall_segment Stone Wall x3 |
| 27:02 | Rodney McKay · wall_segment Stone Wall x7 |
| 27:04 | Rodney McKay · wall_segment Stone Wall x10 |
| 27:10 | Jinada · wall_segment Palisade Wall x1 |
| 27:11 | Armitte · first_market_buy 100 stone |
| 27:17 | Jinada · wall_segment Palisade Wall x1 |
| 27:18 | Armitte · age_up imperial |
| 27:21 | Rodney McKay · wall_segment Stone Wall x1 |
| 27:24 | Jinada · first_building Barracks |
| 27:26 | Armitte · first_building Archery Range |
| 27:28 | Rodney McKay · wall_segment Stone Wall x11 |
| 27:40 | Jinada · wall_segment Palisade Wall x1 |
| 27:41 | Jinada · wall_segment Palisade Wall x1 |
| 27:46 | Jinada · wall_segment Palisade Wall x1 |
| 27:51 | Rodney McKay · wall_segment Stone Wall x6 |
| 27:55 | Armitte · wall_segment Stone Wall x1 |
| 27:57 | Jinada · first_building Stable |
| 28:02 | Rodney McKay · wall_segment Stone Wall x6 |
| 28:09 | RoR | FloDuFive · first_building Barracks |
| 28:14 | Jinada · wall_segment Stone Wall x6 |
| 28:16 | Armitte · wall_segment Stone Wall x1 |
| 28:16 | Rodney McKay · wall_segment Stone Wall x5 |
| 28:19 | Rodney McKay · wall_segment Stone Wall x1 |
| 28:19 | Armitte · wall_segment Stone Wall x1 |
| 28:28 | Rodney McKay · wall_segment Stone Wall x6 |
| 28:44 | Rodney McKay · wall_segment Stone Wall x6 |
| 28:52 | Rodney McKay · wall_segment Stone Wall x8 |
| 29:02 | [Anvil] Nikolettafraoula · first_building Barracks |
| 29:18 | Rodney McKay · wall_segment Stone Wall x13 |
| 29:53 | banana panin · first_building Monastery |
| 30:17 | Rodney McKay · wall_segment Stone Wall x14 |
| 30:19 | [Anvil] Nikolettafraoula · first_building Archery Range |
| 30:27 | Ez4u2nv · first_building Castle |
| 30:49 | Armitte · wall_segment Stone Wall x7 |
| 31:22 | Ez4u2nv · first_market_sell 100 food |
| 31:37 | [Anvil] Nikolettafraoula · age_up imperial |
| 31:57 | Armitte · wall_segment Stone Wall x1 |
| 32:03 | banana panin · first_building Castle |
| 32:29 | Ez4u2nv · first_building Barracks |
| 32:32 | Rodney McKay · first_building Monastery |
| 33:28 | Ez4u2nv · first_building Siege Workshop |
| 33:34 | [Anvil] Nikolettafraoula · wall_segment Stone Wall x10 |
| 33:51 | Ez4u2nv · first_building Archery Range |
| 34:23 | Armitte · wall_segment Stone Wall x1 |
| 34:26 | banana panin · age_up imperial |
| 34:36 | Ez4u2nv · age_up imperial |
| 34:43 | Ez4u2nv · first_market_buy 100 wood |
| 35:07 | Rodney McKay · first_building Archery Range |
| 35:18 | banana panin · first_building Siege Workshop |
| 35:36 | Armitte · wall_segment Stone Wall x3 |
| 35:39 | Rodney McKay · wall_segment Stone Wall x3 |
| 35:42 | Rodney McKay · wall_segment Stone Wall x1 |
| 35:43 | Rodney McKay · wall_segment Stone Wall x1 |
| 36:01 | Armitte · wall_segment Stone Wall x8 |
| 36:12 | Jinada · wall_segment Stone Wall x8 |
| 36:39 | Rodney McKay · wall_segment Stone Wall x1 |
| 36:40 | Rodney McKay · wall_segment Stone Wall x1 |
| 36:45 | Armitte · wall_segment Stone Wall x8 |
| 36:54 | Rodney McKay · first_building Castle |
| 36:58 | Rodney McKay · wall_segment Stone Wall x6 |
| 36:59 | Rodney McKay · wall_segment Stone Wall x1 |
| 37:01 | Rodney McKay · wall_segment Stone Wall x1 |
| 37:05 | Rodney McKay · wall_segment Stone Wall x2 |
| 37:15 | Rodney McKay · wall_segment Stone Wall x1 |
| 37:16 | Rodney McKay · wall_segment Stone Wall x1 |
| 37:37 | Rodney McKay · first_building Siege Workshop |
| 37:45 | RoR | FloDuFive · wall_segment Stone Wall x5 |
| 37:51 | Rodney McKay · age_up imperial |
| 38:03 | Armitte · wall_segment Stone Wall x8 |
| 38:50 | RoR | FloDuFive · wall_segment Stone Wall x7 |
| 39:03 | Armitte · tribute_sent a jugador 1 |
| 39:03 | Armitte · tribute_sent a jugador 2 |
| 39:03 | Armitte · tribute_sent a jugador 3 |
| 39:03 | Armitte · tribute_sent a jugador 5 |
| 39:03 | Armitte · tribute_sent a jugador 6 |
| 39:03 | Armitte · tribute_sent a jugador 7 |
| 39:03 | Armitte · tribute_sent a jugador 8 |
| 39:15 | RoR | FloDuFive · age_up imperial |
| 39:23 | RoR | FloDuFive · wall_segment Stone Wall x9 |
| 39:38 | RoR | FloDuFive · wall_segment Stone Wall x8 |
| 39:41 | RoR | FloDuFive · wall_segment Stone Wall x10 |
| 39:55 | RoR | FloDuFive · wall_segment Stone Wall x9 |
| 40:15 | RoR | FloDuFive · wall_segment Stone Wall x5 |
| 40:20 | RoR | FloDuFive · wall_segment Palisade Wall x5 |
| 40:38 | RoR | FloDuFive · wall_segment Stone Wall x1 |
| 41:14 | Ther · tribute_sent a jugador 1 |
| 41:14 | Ther · tribute_sent a jugador 2 |
| 41:14 | Ther · tribute_sent a jugador 3 |
| 41:14 | Ther · tribute_sent a jugador 4 |
| 41:14 | Ther · tribute_sent a jugador 5 |
| 41:14 | Ther · tribute_sent a jugador 7 |
| 41:14 | Ther · tribute_sent a jugador 8 |
| 41:21 | Jinada · first_building Castle |
| 41:43 | Jinada · age_up imperial |
| 41:46 | Rodney McKay · resign |
[ ANÁLISIS IA · 1 CRÉDITO ]
¿Qué pasó realmente en esta partida?
Wolo.gg analiza cada decisión: build order, eco, micro, errores típicos por bracket. Análisis personalizado por WhatsApp o Discord en 30 segundos.
Guía civ
Malíes
Perfil
Jugador #2148630